 Dungeon Crawl Stone Soup version 0.20.1-1-g8b1a95d (webtiles) character file.

29 acidapple the Insei (level 2, 0/22 HPs)
             Began as a Demigod Transmuter on Sept 12, 2017.
             Slain by Natasha (4 damage)
             ... on level 2 of the Dungeon.
             The game lasted 00:02:13 (1129 turns).

acidapple the Insei (Demigod Transmuter)            Turns: 1129, Time: 00:02:15

Health: 0/22       AC:  2    Str: 13    XL:     2   Next: 81%
Magic:  7/7        EV: 12    Int: 17    God:
Gold:   103        SH:  0    Dex: 16    Spells: 3/4 levels left

rFire    . . .     SeeInvis +   p - +2 short sword (venom)
rCold    . . .     Gourm    .   (no shield)
rNeg     . . .     Faith    .   b - +0 robe
rPois    .         Spirit   .   (no helmet)
rElec    .         Reflect  .   (no cloak)
rCorr    .         Harm     .   (no gloves)
MR       .....                  (no boots)
Stlth    +.........             j - amulet of regeneration
Regen    0.5/turn               k - ring of see invisible
MPRegen  0.1/turn               (no ring)

@: no status effects
A: high mp 1
a: no special abilities


You were on level 2 of the Dungeon.
You were not hungry.

You visited 1 branch of the dungeon, and saw 2 of its levels.

You collected 103 gold pieces.

Inventory:

Hand Weapons
 p - a +2 short sword of venom (weapon)
Missiles
 a - 29 arrows
 e - a throwing net (quivered)
Armour
 b - a +0 robe (worn)
 r - a +0 ring mail
Jewellery
 j - an amulet of regeneration (around neck)
 k - a ring of see invisible (left hand)
Scrolls
 g - 2 scrolls of identify
 l - a scroll of enchant weapon {unknown}
 n - a scroll of magic mapping {unknown}
 o - a scroll of fear {unknown}
 s - a scroll of teleportation {unknown}
Potions
 i - a potion of resistance {unknown}
 m - a potion of curing {unknown}
 q - 3 potions of degeneration {unknown}
Books
 c - a book of Changes

   Spells                             Type                      Level
   a - Beastly Appendage              Transmutation                1
   b - Sticks to Snakes               Transmutation                2
   c - Spider Form                    Transmutation/Poison         3
   d - Ice Form                       Ice/Transmutation            4
   e - Blade Hands                    Transmutation                5
Comestibles
 d - 3 bread rations
 f - a meat ration


   Skills:
 - Level 0.8 Fighting
 - Level 1.7 Dodging
 - Level 3.0 Unarmed Combat
 - Level 1.7 Spellcasting
 * Level 2.9 Transmutations


You had 3 spell levels left.
You knew the following spells:

 Your Spells              Type           Power        Failure   Level  Hunger
a - Beastly Appendage     Tmut           ##....       6%          1    #......


Dungeon Overview and Level Annotations

Branches:
Dungeon (2/15)

Annotations:
D:2 Natasha


Innate Abilities, Weirdness & Mutations

You have an increased reservoir of magic. (+10% MP)


Message History

The magic dart hits you!
Found a stone staircase leading down.
Natasha hisses.
Natasha casts a spell at you. The magic dart hits you!
You completely miss Natasha. Natasha casts a spell at you.
You feel yourself slow down.
You closely miss Natasha. Natasha barely misses you. x2
You hit Natasha but do no damage.
Natasha hisses.
Natasha claws you!
* * * LOW HITPOINT WARNING * * *
Your magical effects are unravelling.
You feel magically purged.
You feel yourself speed up. Natasha claws you.
* * * LOW HITPOINT WARNING * * *
Natasha claws you.
You die...

#############
#.....#......
#............
###............
#..............
#..............
###......@h......
########.....###........
.............###...####.
...............+..>..
.............###...###
.............# #....
#####........#.......
... #.................
....#............


You could see Natasha.

Vanquished Creatures
  A worm (D:2)
  A leopard gecko (D:2)
  A giant cockroach (D:1)
  5 goblins
  2 hobgoblins (D:1)
  6 kobolds
  4 bats
  2 frilled lizards (D:1)
  2 rats (D:2)
24 creatures vanquished.

Notes
Turn   | Place    | Note
-------+----------+-------------------------------------------
     0 | D:1      | acidapple the Demigod Transmuter began the quest for the Orb.
     0 | D:1      | Reached XP level 1. HP: 15/15 MP: 5/5
   394 | D:1      | You fall through a shaft!
   450 | D:2      | Reached XP level 2. HP: 22/22 MP: 5/7
   468 | D:2      | Reached skill level 3 in Unarmed Combat
  1122 | D:2      | Noticed Natasha
  1129 | D:2      | Slain by Natasha

Skill      XL: |  1  2 |
---------------+-------+-----
Transmutations | 2 |  2.9
Unarmed Combat | 3 |  3.0
Fighting       | |  0.8
Dodging        | |  1.7
Spellcasting   | |  1.7

Action                   || total
-------------------------++-------
Melee: Unarmed           ||    26
       Headbutt          ||     4
       Kick              ||     3
       Short sword       ||    40
 Cast: Beastly Appendage ||     7
  Use: Scroll            ||     1
       Potion            ||     1
 Stab: Sleeping          ||     2
  Eat: Chunk             ||     1
Armor: Robe              ||     7
Dodge: Dodged            ||    40
